 Dungeon Crawl Stone Soup version 0.21.1-1-g345015f (webtiles) character file.

130 mrmercer the Slasher (level 4, -2/40 HPs)
             Began as a Draconian Berserker on July 1, 2018.
             Was a Believer of Trog.
             Slain by Natasha (3 damage)
             ... on level 2 of the Dungeon.
             The game lasted 00:11:19 (1738 turns).

mrmercer the Slasher (Draconian Berserker)          Turns: 1738, Time: 00:11:20

Health: -2/40      AC:  7    Str: 18 (19) XL:     4   Next: 90%
Magic:  4/4        EV: 13    Int:  9 (12) God:    Trog [**....]
Gold:   81         SH:  0    Dex: 12      Spells: 3/3 levels left

rFire    . . .     SeeInvis .   a - +1 falchion
rCold    . . .     Gourm    .   (no shield)
rNeg     . . .     Faith    .   (armour unavailable)
rPois    +         Spirit   .   (helmet restricted)
rElec    .         Reflect  .   (no cloak)
rCorr    .         Harm     .   m - +0 pair of gloves
MR       .....                  k - +0 pair of boots
Stlth    +.........             (no amulet)
HPRegen  0.13/turn              h - ring of poison resistance
MPRegen  0.09/turn              (no ring)

@: brilliant, flying, very slightly contaminated, slowed, very slow
A: unfitting armour, cold-blooded, AC +5
a: Berserk, Trog's Hand, Burn Spellbooks, Renounce Religion


You were on level 2 of the Dungeon.
You worshipped Trog.
Trog was pleased with you.
You were not hungry.

You visited 1 branch of the dungeon, and saw 2 of its levels.

You collected 81 gold pieces.

Inventory:

Hand Weapons
 a - a +1 falchion (weapon)
 d - a +0 vampiric whip
Armour
 k - a +0 pair of boots (worn)
 m - a +0 pair of gloves (worn)
Jewellery
 h - a ring of poison resistance (left hand)
Scrolls
 c - 2 scrolls of fog
 e - 2 scrolls of identify
 f - a scroll of enchant weapon
 i - a scroll of remove curse
Potions
 j - a potion of brilliance
Comestibles
 b - 2 rations


   Skills:
 + Level 4.1 Fighting
 + Level 4.3 Long Blades
 + Level 3.6 Dodging
 + Level 0.3 Stealth


You had 3 spell levels left.
You didn't know any spells.

Dungeon Overview and Level Annotations

Branches:
Dungeon (2/15)

Altars:
Makhleb
Vehumet

Annotations:
D:2 Natasha


Innate Abilities, Weirdness & Mutations

Your plain brown scales are hard. (AC +5)
You cannot fit into any form of body armour.
You are cold-blooded and may be slowed by cold attacks.


Message History

There are monsters nearby!
Blink to where?
Press: ? - help, Dir - move target cursor, f - you Are you sure you want to cancel this blink?
Blink to where?
Press: ? - help, Dir - move target cursor You are very lightly contaminated with residual magic.
As you read the scroll labeled ROESHE SUTIUKK, it crumbles to dust.
It was a scroll of blinking.
As you read the scroll labeled YRIEHO DAUFO, it crumbles to dust.
You feel blessed for a moment.
It was a scroll of remove curse.
Natasha howls an incantation.
Natasha glows brightly for a moment.
Natasha stares at you and mumbles some strange words.
The magic dart hits you!
* * * LOW HITPOINT WARNING * * *
It was a potion of flight.
You feel very buoyant.
You fly up into the air.
Natasha claws you.
You die...

... #.....<.##.#.
... #.......#....
#w# #.......#..#. #
#.# # #####........
#.##h##.#
#####.#.#..
#...S...#
#...#......
####.####
#..........
#h########...#####..
#.h@........## ###
####.#####..# #.#
#..# #.# #..# #.#
#.## ### #.#####.#
#.. #.......# #.#
######### #.# #.#


You could see Natasha and a jackal.

Vanquished Creatures
  Natasha (D:2)
  4 gnolls (D:2)
  2 adders (D:2)
  2 oozes
  A worm (D:1)
  2 dart slugs (D:1)
  2 hobgoblins (D:1)
  A jackal (D:2)
  11 kobolds
  A ball python (D:1)
  3 bats
  4 frilled lizards
  2 goblins (D:2)
  4 rats
40 creatures vanquished.

Notes
Turn   | Place    | Note
-------+----------+-------------------------------------------
     0 | D:1      | mrmercer the Draconian Berserker began the quest for the Orb.
     0 | D:1      | Reached XP level 1. HP: 19/19 MP: 1/1
   306 | D:1      | Reached XP level 2. HP: 10/26 MP: 2/2
   865 | D:1      | Reached XP level 3. HP: 32/33 MP: 3/3
  1058 | D:2      | Reached XP level 4. HP: 10/40 MP: 4/4
  1319 | D:2      | Noticed Natasha
  1330 | D:2      | Killed Natasha
  1330 | D:2      | Reached ** piety under Trog
  1519 | D:2      | Found a burning altar of Makhleb.
  1520 | D:2      | Found a radiant altar of Vehumet.
  1710 | D:2      | Noticed Natasha
  1736 | D:2      | HP: 1/40 [Natasha/magic dart (5)]
  1738 | D:2      | Slain by Natasha

Skill      XL: |  1  2  3  4 |
---------------+-------------+-----
Dodging        | 3 |  3.6
Fighting       | 4 |  4.1
Long Blades    | 4 |  4.3
Stealth        | |  0.3

Action                   |  1- 3 |  4- 6 || total
-------------------------+-------+-------++-------
Melee: Falchion          |    90 |    55 ||   145
       Tailslap          |    13 |     9 ||    22
  Use: Scroll            |     1 |     3 ||     4
       Potion            |     2 |     2 ||     4
  Eat: Ration            |       |     1 ||     1
Armor: Skin              |    32 |    14 ||    46
Dodge: Dodged            |    63 |    42 ||   105
       Rpst.: Falchion   |    20 |    12 ||    32
